cohdb
Replays
Latest Replays
All Replays
Popular Replays
Top Player Replays
Match Explorer
How It Works
Community
CoH3 Stats
Reddit
Sign in to upload your games and track your stats! →
Sign in with Steam
Match 43729125
Unlisted
Match 43729125
Overview
Messages
Build Orders
End
Pioneer Squad
Construct Infanterie Kompanie
Grenadier Squad
Grenadier Squad
MG 42 Machine Gun Team
Construct Luftwaffe Kompanie
221 Scout Car
Jäger Squad
Luftwaffe Officer Quarters
Construct Panzer Kompanie
Medical Bunker
Stoßtruppen Squad
Grenadier Squad
Sturmpanzer IV Brummbär
Pioneer Squad
Selects Mechanized Battlegroup
Selects Raid Package
Selects 8 Rad Armored Car
Selects UNKNOWN (2160084)
MG 42 Machine Gun Team
Selects Mobile Repair Stations
Selects Wespe Self-propelled Artillery
Wespe Self-propelled Artillery
Medical Bunker
elfen
Le rat Madan
MZMZ
jerjawe
Weebanori
Shark
JIANHU
Floral Haven.
0
0
Comments
sign in to comment!
No comments posted yet!